 Dungeon Crawl Stone Soup version 0.28-a0-1389-gc726bef33b (webtiles) character file.

Game seed: 4092124594594879023

123 Clumpoid the Ruffian (level 4, -5/48 HPs)
             Began as a Troll Monk on Jan 3, 2022.
             Slain by a scorpion (6 damage)
             ... on level 4 of the Dungeon.
             The game lasted 00:01:50 (831 turns).

Clumpoid the Ruffian (Troll Monk)                    Turns: 831, Time: 00:01:51

Health: -5/48      AC:  4    Str: 19    XL:     4   Next: 80%
Magic:  3/3        EV:  5    Int:  8    God:
Gold:   45         SH: 10    Dex: 12    Spells: 3/3 levels left

rFire   . . .      SeeInvis .     - Unarmed
rCold   . . .      Faith    .   f - +0 tower shield
rNeg    . . .      Spirit   .   a - +0 robe
rPois   .          Reflect  .   (helmet restricted)
rElec   .          Harm     .   (no cloak)
rCorr   .          Rampage  .   (gloves unavailable)
Will    .....                   (boots unavailable)
Stlth   ++........              (no amulet)
HPRegen 0.96/turn               (no ring)
MPRegen 0.08/turn               (no ring)

@: lethally poisoned (-5 -> -19)
A: large, unfitting armour, claws 3, regeneration 1, shaggy fur 1, tough skin 1,
robust 1, noise suppression
a: no special abilities


You were on level 4 of the Dungeon.
You visited 1 branch of the dungeon, and saw 3 of its levels.

You collected 45 gold pieces.

Inventory:

Armour
 a - a +0 robe (worn)
 f - a +0 tower shield (worn)
Scrolls
 b - a scroll of fog
Potions
 c - a potion of attraction
 e - 2 potions of mutation
 g - 2 potions of lignification


   Skills:
 - Level 2.4 Fighting
 - Level 2.4 Dodging
 - Level 1.0 Stealth
 + Level 5.6 Unarmed Combat


You had 3 spell levels left.
You didn't know any spells.
Your spell library contained the following spells:

 Spells                   Type           Power      Damage    Failure   Level
 Summon Forest            Summ/Tloc      0%         N/A       100%        5
 Summon Mana Viper        Hex/Summ       0%         N/A       100%        5
 Summon Cactus Giant      Summ           0%         N/A       100%        6


Dungeon Overview and Level Annotations

Branches:
Dungeon (2/15)

Altars:
Fedhas
Xom


Innate Abilities, Weirdness & Mutations

You are too large for most types of armour.
You have claws for hands.
Your natural rate of healing is unusually fast.
You are covered in fur. (AC +1)
You have tough skin. (AC +1)
You are robust. (+10% HP)
You passively dampen the noise of your surroundings.


Message History

There is an open door here.
You now have 45 gold pieces (gained 7). 2 scorpions come into view.
There are monsters nearby!
You block the scorpion's attack.
You scratch the scorpion but do no damage.
You block the scorpion's attack. x2
You barely miss the scorpion. The scorpion stings you. The scorpion stings you!
The scorpion stings you but does no damage.
The scorpion stings you.
You are poisoned.
The scorpion poisons you!
You claw the scorpion!
The scorpion is severely wounded.
You feel very sick. You block the scorpion's attack. The scorpion stings you.
You are more poisoned.
The scorpion poisons you!
The scorpion stings you but does no damage.
You barely miss the scorpion.
The scorpion is severely wounded.
You feel very sick. The scorpion stings you!
* * * LOW HITPOINT WARNING * * *
You block the scorpion's attack. The scorpion stings you.
* * * LOW HITPOINT WARNING * * *
You are lethally poisoned!
The scorpion poisons you!
You are too injured to fight recklessly!
Okay, then.
Okay, then.
As you read the scroll labelled YNICEPL AVITUP, it crumbles to dust.
It is a scroll of enchant weapon.
You aren't carrying any weapons that can be enchanted.
* * * LOW HITPOINT WARNING * * *
You feel very sick. You block the scorpion's attack. The scorpion stings you.
* * * LOW HITPOINT WARNING * * *
The scorpion stings you.
You die...

##########
#........#
#........#
#........#
#........#
#...ss...#
####..@#
#..#...###+#
#............
#............
#............
#............
#............
##.##..######
####.##..##.


You could see 2 scorpions.

Vanquished Creatures
  Natasha (D:2)
  4 adders (D:2)
  An adder skeleton (D:4)
  A worm (D:2)
  5 dart slugs
  5 ball pythons
  2 bats
  4 endoplasms
  3 giant cockroaches
  2 hobgoblins
  3 jackals (D:4)
  3 quokkas
  A frilled lizard (D:1)
  5 goblins
  3 kobolds
  A rat (D:1)
44 creatures vanquished.

Notes
Turn   | Place    | Note
-------+----------+-------------------------------------------
     0 | D:1      | Clumpoid the Troll Monk began the quest for the Orb.
     0 | D:1      | Reached XP level 1. HP: 22/22 MP: 0/0
    64 | D:1      | Reached XP level 2. HP: 29/29 MP: 1/1
   392 | D:1      | Reached skill level 4 in Unarmed Combat
   556 | D:2      | Gained mutation: You are robust. (+10% HP) [potion of
                  | mutation]
   556 | D:2      | Gained mutation: You passively dampen the noise of your
                  | surroundings. [potion of mutation]
   561 | D:2      | Reached XP level 3. HP: 39/39 MP: 2/2
   594 | D:2      | Found a shimmering altar of Xom.
   663 | D:2      | Noticed Natasha
   691 | D:2      | Killed Natasha
   692 | D:2      | Reached skill level 5 in Unarmed Combat
   692 | D:2      | Reached XP level 4. HP: 39/48 MP: 3/3
   754 | D:2      | You fall into a shaft and drop 2 floors!
   754 | D:4      | Found a blossoming altar of Fedhas.
   824 | D:4      | Noticed a scorpion
   824 | D:4      | Noticed a scorpion
   831 | D:4      | HP: 1/48 [scorpion (5)]
   831 | D:4      | Slain by a scorpion

Illustrated notes

Levels and vault maps discovered:
D:1:      erik_arrival_orb_chamber, layout_rooms, columned_hall_lemuel
D:2:      layout_basic, basic_altar, chequers_serial_rivers_marsh,
          grunt_decor_resistance, uniq_natasha
D:4:      layout_gridville, mainiacjoe_overflow_boulevard

Skill      XL: |  1  2  3 |
---------------+----------+-----
Unarmed Combat | 4 5 |  5.6
Fighting       | |  2.4
Dodging        | |  2.4
Stealth        | |  1.0

Action                   |  1- 3 |  4- 6 || total
-------------------------+-------+-------++-------
Melee: Unarmed           |    81 |    41 ||   122
       Punch             |     1 |       ||     1
  Use: Scroll            |     3 |     1 ||     4
       Potion            |     2 |       ||     2
 Stab: Sleeping          |     2 |       ||     2
Armor: Robe              |    40 |    15 ||    55
Dodge: Dodged            |    26 |    14 ||    40
Block: Tower shield      |    41 |    25 ||    66

Table legend: (Time is in decaauts)
 A = Elapsed time spent in this place.
 B = Non-inter-level travel time spent in this place.
 C = Inter-level travel time spent in this place.
 D = Time resting spent in this place.
 E = Time spent auto-exploring this place.
 F = Levels seen in this place.
 G = Mean time per level.
                   A        B        C        D        E       F      G
               +--------+--------+--------+--------+--------+-----+--------+
         Total |    872 |    789 |     83 |     25 |    420 |   3 |  290.7 |
       Dungeon |    872 |    789 |     83 |     25 |    420 |   3 |  290.7 |
               +--------+--------+--------+--------+--------+-----+--------+

Top non-repeatable levels by time:
     D:1: 558 daAuts
     D:2: 229 daAuts
     D:4: 83 daAuts
